 Dungeon Crawl Stone Soup version 0.19.5 (webtiles) character file.

2119 Gargoyl the Covered (level 9, -2/74 HPs)
             Began as a Ghoul Abyssal Knight on Mar 5, 2017.
             Was a Priest of Lugonu.
             Slain by an orc priest (4 damage)
             ... on level 6 of the Dungeon.
             The game lasted 00:13:39 (4627 turns).

Gargoyl the Covered (Ghoul Abyssal Knight)          Turns: 4627, Time: 00:13:39

Health: -2/74      AC: 15    Str: 16    XL:     9   Next: 29%
Magic:  12/12      EV:  5    Int:  7    God:    Lugonu [***...]
Gold:   81         SH:  0    Dex: 11    Spells: 0 memorised, 8 levels left

rFire  + . .     SeeInvis .     o - +1 spear (venom)
rCold  + . .     Gourm    .     n - +0 plate armour
rNeg   + + +     Faith    .     (no shield)
rPois  ∞         Spirit   .     (no helmet)
rElec  .         Reflect  .     q - +0 cloak
rCorr  .         Harm     .     i - +0 pair of gloves
MR     .....                    (no boots)
Stlth  ..........               (no amulet)
                                w - ring of protection from fire
                                x - ring of stealth

@: rotting
A: rotting body, claws 1, carnivore 3, cold resistance 1, negative energy
resistance 3, slow regeneration 1, torment resistance, unbreathing
a: Depart the Abyss, Bend Space, Banish, Renounce Religion


You were on level 6 of the Dungeon.
You worshipped Lugonu.
Lugonu was most pleased with you.
You were not hungry.

You visited 1 branch of the dungeon, and saw 6 of its levels.
You visited the Abyss 1 time.

You collected 231 gold pieces.
You spent 150 gold pieces at shops.

Inventory:

Hand Weapons
 a - a +1 hand axe
 o - a +1 spear of venom (weapon)
Missiles
 t - 4 javelins (quivered)
Armour
 i - a +0 pair of gloves (worn)
 n - a +0 plate armour (worn)
 q - a +0 cloak (worn)
Jewellery
 w - a ring of protection from fire (right hand)
 x - a ring of stealth (left hand)
Wands
 u - a wand of slowing (28/48)
Scrolls
 m - 2 scrolls of remove curse
 y - a scroll of identify
Potions
 d - 3 potions of haste
 e - 2 potions of mutation {unknown}
 f - 4 potions of might {unknown}
 h - a potion of heal wounds
 j - a potion of degeneration {unknown}
 k - 2 potions of curing
 l - 2 potions of cancellation {unknown}
 p - a potion of lignification {unknown}
 r - a potion of agility {unknown}
 s - a potion of brilliance {unknown}
 z - a potion of flight {unknown}
 A - a potion of resistance {unknown}
Comestibles
 b - 2 royal jellies
 c - 7 meat rations
 g - 5 slices of pizza
 B - 2 chunks of flesh


   Skills:
 + Level 5.5 Fighting
 + Level 3.9(4.9) Axes
 + Level 4.5(5.2) Polearms
 * Level 7.1 Armour
 + Level 1.2 Dodging
 * Level 5.7 Invocations


You had 8 spell levels left.
You didn't know any spells.

Dungeon Overview and Level Annotations

Branches:
Dungeon (6/15)             Temple (0/1) D:4

Altars:
Ashenzari

Shops:
D:5 [!


Innate Abilities, Weirdness & Mutations

Your body is rotting away.
You thrive on raw meat.
You are immune to poison.
You have sharp fingernails.
You are carnivorous and can eat meat at any time.
Your flesh is cold resistant. (rC+)
You are immune to negative energy. (rN+++)
You regenerate slowly when monsters are visible.
You are immune to unholy pain and torment.
You can survive without breathing.


Message History

The orc priest is severely wounded.
The orc priest hits you but does no damage.
The orc warrior hits you with a mace!
You closely miss the orc priest.
The orc priest is severely wounded.
The orc priest invokes the aid of Beogh against you.
Beogh smites you!
* * * LOW HITPOINT WARNING * * *
The orc priest calls upon Beogh to heal the orc priest.
The orc priest is healed somewhat.
You feel much better. The orc warrior hits you with a mace!
The orc priest mumbles some strange prayers to Beogh against you.
Beogh smites you!
* * * LOW HITPOINT WARNING * * *
You closely miss the orc priest.
The orc priest is heavily wounded.
The orc warrior hits you with a mace!
* * * LOW HITPOINT WARNING * * *
The orc priest hits you.
You die...

### ....
#### .....
..#
..!.[.##o##
.....oo@..#
......##..#
..... #..#
## ....
#..# .# .##
#%.#
.######
#..#
......# #
#..#
..%...#.#
###.###..#
......#.#
.........#


You could see an orc warrior and 2 orc priests.

Vanquished Creatures
  Pikel (D:3)
  Menkaure (D:4)
  Duvessa (D:5)
  A sky beast (D:6)
  2 phantoms (D:5)
  A slave (D:3)
  A centaur (D:4)
  A bullfrog (D:6)
  Dowan (D:5)
  2 scorpions
  A bullfrog zombie (D:5)
  4 crimson imps
  An orc priest (D:6)
  A hound (D:4)
  Crazy Yiuf (D:3)
  6 orc wizards
  A centaur skeleton (D:6)
  Terence (D:2)
  7 worker ants
  A howler monkey zombie (D:5)
  9 gnolls
  4 adders
  An adder skeleton (D:5)
  An adder zombie (D:5)
  A worm (D:3)
  2 dart slugs (D:1)
  2 leopard geckos (D:1)
  6 orcs
  A ball python (D:1)
  6 bats
  4 giant cockroaches
  8 hobgoblins
  11 jackals
  10 kobolds
  4 quokkas
  A ball python zombie (D:5)
  4 frilled lizards
  2 goblins
  A leopard gecko skeleton (D:6)
  A leopard gecko zombie (D:5)
  7 rats
122 creatures vanquished.

Vanquished Creatures (others)
  A water moccasin (D:4)
  A slave (D:4)
  An orc priest (D:4)
  2 orc wizards (D:4)
  A hound skeleton (D:4)
  4 orcs (D:4)
  2 jackals (D:4)
  A quokka (D:4)
13 creatures vanquished.

Grand Total: 135 creatures vanquished

Notes
Turn   | Place    | Note
-------+----------+-------------------------------------------
     0 | Abyss:1  | Gargoyl the Ghoul Abyssal Knight began the quest for the Orb.
     0 | Abyss:1  | Reached XP level 1. HP: 19/19 MP: 1/1
    27 | Abyss:1  | Found a corrupted altar of Lugonu.
    45 | Abyss:1  | Found a burning altar of Makhleb.
   139 | Abyss:1  | Noticed a small abomination
   140 | Abyss:1  | Noticed a quasit
   144 | Abyss:1  | Noticed a chaos spawn
   144 | Abyss:1  | Noticed a chaos spawn
   145 | Abyss:1  | Noticed a chaos spawn
   147 | Abyss:1  | Noticed a chaos spawn
   162 | Abyss:1  | Noticed a quasit
   167 | D:1      | Escaped the Abyss
   221 | D:1      | Reached skill level 2 in Armour
   224 | D:1      | Reached XP level 2. HP: 18/26 MP: 2/2
   544 | D:1      | Reached * piety under Lugonu
   575 | D:1      | Reached XP level 3. HP: 29/33 MP: 3/3
   583 | D:1      | Reached skill level 1 in Dodging
   955 | D:2      | Noticed Terence
   980 | D:2      | Killed Terence
   980 | D:2      | Reached XP level 4. HP: 25/40 MP: 4/4
  1329 | D:2      | Reached XP level 5. HP: 41/46 MP: 5/5
  1544 | D:3      | Reached skill level 3 in Armour
  1611 | D:3      | Reached ** piety under Lugonu
  2102 | D:3      | Found a runed door.
  2106 | D:3      | Noticed Crazy Yiuf
  2113 | D:3      | Killed Crazy Yiuf
  2113 | D:3      | Reached XP level 6. HP: 45/52 MP: 7/7
  2283 | D:4      | Found a staircase to the Ecumenical Temple.
  2284 | D:4      | Noticed a slave
  2285 | D:4      | Noticed Pikel
  2285 | D:4      | Noticed a slave
  2287 | D:4      | Noticed a slave
  2315 | D:3      | Killed a slave
  2340 | D:4      | Noticed a slave
  2388 | D:3      | Killed Pikel
  2388 | D:3      | Reached skill level 4 in Armour
  2388 | D:3      | Reached XP level 7. HP: 53/60 MP: 8/8
  2442 | D:4      | Reached skill level 5 in Armour
  2480 | D:4      | Noticed Menkaure
  2517 | D:3      | Reached XP level 8. HP: 30/67 MP: 10/10
  2596 | D:4      | Killed Menkaure
  2596 | D:4      | Reached skill level 5 in Fighting
  3470 | D:5      | Entered Level 5 of the Dungeon
  3470 | D:5      | Noticed Duvessa
  3470 | D:5      | Noticed Dowan
  3509 | D:5      | Killed Duvessa
  3516 | D:5      | Killed Dowan
  3516 | D:5      | Reached skill level 6 in Armour
  3655 | D:5      | Found Vaas's Armour Emporium.
  3931 | D:5      | Reached skill level 5 in Invocations
  4073 | D:5      | Found Myahiot's Distillery.
  4091 | D:5      | Reached *** piety under Lugonu
  4146 | D:5      | Reached XP level 9. HP: 49/74 MP: 11/11
  4158 | D:5      | Bought a potion of haste for 100 gold pieces
  4158 | D:5      | Bought a potion of heal wounds for 50 gold pieces
  4385 | D:6      | Found a shattered altar of Ashenzari.
  4600 | D:6      | Reached skill level 7 in Armour
  4627 | D:6      | HP: 2/74 [orc warrior/mace (13)]
  4627 | D:6      | Slain by an orc priest

Skill      XL: |  1  2  3  4  5  6  7  8  9 |
---------------+----------------------------+-----
Armour         | 2 3 4 5 6 7 |  7.1
Axes           | 2 3 |  3.9
Dodging        | 1 |  1.2
Fighting       | 4 5 |  5.5
Invocations    | 3 4 5 |  5.7
Polearms       | 2 4 |  4.5

Action                   |  1- 3 |  4- 6 |  7- 9 || total
-------------------------+-------+-------+-------++-------
Melee: Hand axe          |   124 |   100 |       ||   224
       Spear             |       |    90 |   342 ||   432
Invok: Depart the Abyss  |     1 |       |       ||     1
  Use: Scroll            |       |     9 |     3 ||    12
       Potion            |       |     2 |     1 ||     3
  Eat: Chunk             |     9 |    24 |    21 ||    54
Armor: Chain mail        |   130 |    12 |       ||   142
       Plate armour      |       |   151 |   214 ||   365
Dodge: Dodged            |    62 |    51 |    81 ||   194
